 Dungeon Crawl Stone Soup version 0.28-a0-1638-g9123634e07 (webtiles) character file.

Game seed: 4840925391960695128

4 bladeefan the Skirmisher (level 1, -2/14 HPs)
             Began as a Gargoyle Chaos Knight on Jan 25, 2022.
             Was a Plaything of Xom.
             Slain by a kobold (5 damage)
             ... on level 1 of the Dungeon.
             The game lasted 00:00:17 (62 turns).

bladeefan the Skirmisher (Gargoyle Chaos Knight)      Turns: 62, Time: 00:00:17

Health: -2/14      AC:  7    Str: 15    XL:     1   Next: 60%
Magic:  1/1        EV: 11    Int: 12    God:    Xom [..*...]
Gold:   0          SH:  0    Dex:  9    Spells: 0/0 levels left

rFire   . . .      SeeInvis .   a - +0 mace (chaos)
rCold   . . .      Faith    .   (no shield)
rNeg    + . .      Spirit   .   b - +2 leather armour
rPois   ∞          Reflect  .   (no helmet)
rElec   +          Harm     .   (no cloak)
rCorr   .          Rampage  .   (no gloves)
Will    .....                   (no boots)
Stlth   +.........              (no amulet)
HPRegen 0.04/turn               (no ring)
MPRegen 0.07/turn               (no ring)

@: no status effects
A: sickness immunity, AC +2, negative energy resistance 1, electricity
resistance, torment resistance 1, petrification resistance
a: Renounce Religion


You were on level 1 of the Dungeon.
You worshipped Xom.
You were a toy of Xom.
You visited 1 branch of the dungeon, and saw 1 of its levels.

Inventory:

Hand Weapons
 a - a +0 mace of chaos (weapon)
Armour
 b - a +2 leather armour (worn)


   Skills:
 + Level 3.3 Fighting
 * Level 3.1 Maces & Flails
 + Level 2.2 Armour
 + Level 0.9 Dodging


You couldn't memorise any spells.
You didn't know any spells.
Your spell library was empty.

Dungeon Overview and Level Annotations

Branches:
Dungeon (1/15)

Altars:


Innate Abilities, Weirdness & Mutations

You are immune to sickness and miasma.
Your stone body is resilient. (AC +2)
You are immune to poison.
You resist negative energy. (rN+)
You are resistant to electric shocks. (rElec)
You are resistant to unholy torment.
You are immune to petrification.


Message History

Found a buckler.
Found a staircase leading out of the dungeon.
Key pressed, stopping explore.
Found a stone staircase leading down.
A goblin comes into view. It is wielding a +0 club.
The goblin shouts!
A goblin is nearby!
A goblin is nearby!
Found 13 gold pieces.
A goblin comes into view. It is wielding a +0 club.
The goblin shouts!
You closely miss the goblin. The goblin hits you but does no damage.
The goblin barely misses you.
You completely miss the goblin. The goblin closely misses you.
You barely miss the goblin. The goblin hits you but does no damage.
The goblin hits you with a +0 club.
An endoplasm comes into view.
The endoplasm quivers.
You sock the goblin!
You feel better.
You kill the goblin!
The goblin completely misses you.
You barely miss the goblin. The goblin barely misses you. x2
You barely miss the goblin. The goblin hits you but does no damage.
You hit the goblin. You freeze the goblin.
You kill the goblin!
The endoplasm freezes you.
You are frozen.
You hit the endoplasm.
The endoplasm resists with significant effort.
A kobold comes into view.
It is wielding a +2 short sword of venom.
The endoplasm freezes you.
You are frozen.
* * * LOW HITPOINT WARNING * * *
You hit the endoplasm. You freeze the endoplasm.
You kill the endoplasm!
The kobold shouts!
Unknown command.
A kobold is nearby!
The kobold hits you with a +2 short sword of venom.
* * * LOW HITPOINT WARNING * * *
A shower of butterflies erupts from you!
Things that are here:
a +0 club; a goblin corpse The kobold misses your butterfly.
The kobold closely misses your butterfly.
You hit the kobold but do no damage.
The kobold hits you with a +2 short sword of venom.
* * * LOW HITPOINT WARNING * * *
The kobold hits you with a +2 short sword of venom.
You die...

## .... .. ....
###.### .....
.....## ... # ......
... .. ..#.##.#
..#.### #.#....#
.......##.#))#####.K
#.@K.........$.
.#####.b.b..#####
..# #...##..#
#..####..# #.#
#>.#...## ..#
###.....### ..#
..........# #.#
..........# ..
..........###


You could see a kobold (ally target).

Vanquished Creatures
  An endoplasm (D:1)
  2 goblins (D:1)
3 creatures vanquished.

Notes
Turn   | Place    | Note
-------+----------+-------------------------------------------
     0 | D:1      | bladeefan the Gargoyle Chaos Knight began the quest for the
                  | Orb.
     0 | D:1      | Reached XP level 1. HP: 14/14 MP: 1/1
    54 | D:1      | XOM: butterfly on damage
    62 | D:1      | Slain by a kobold

Illustrated notes

Levels and vault maps discovered:
D:1:      dpeg_arrival_arbitrary_c, layout_rooms

Action                   || total
-------------------------++-------
Melee: Mace              ||    10
Armor: Leather armour    ||     3
Dodge: Dodged            ||     5

Table legend: (Time is in decaauts)
 A = Elapsed time spent in this place.
 B = Non-inter-level travel time spent in this place.
 C = Inter-level travel time spent in this place.
 D = Time resting spent in this place.
 E = Time spent auto-exploring this place.
 F = Levels seen in this place.
 G = Mean time per level.
                   A        B        C        D        E       F      G
               +--------+--------+--------+--------+--------+-----+--------+
         Total |     64 |     64 |      0 |      0 |     34 |   1 |   64.0 |
       Dungeon |     64 |     64 |      0 |      0 |     34 |   1 |   64.0 |
               +--------+--------+--------+--------+--------+-----+--------+

Top non-repeatable levels by time:
     D:1: 64 daAuts
